 Dungeon Crawl Stone Soup version 0.22-a0-162-g33bf127 (webtiles) character file.

1116 mhoghedin the Sneak (level 8, -12/57 HPs)
             Began as a Black Draconian Earth Elementalist on Feb 12, 2018.
             Killed from afar by a steam dragon (22 damage)
             ... with a ball of steam
             ... on level 5 of the Dungeon.
             The game lasted 00:10:06 (5237 turns).

mhoghedin the Sneak (DrEE)                          Turns: 5237, Time: 00:10:07

Health: -12/57     AC: 11    Str: 10    XL:     8   Next: 12%
Magic:  10/15      EV: 12    Int: 18    God:
Gold:   263        SH:  0    Dex: 12    Spells: 6/16 levels left

rFire    . . .     SeeInvis .   b - +4 Vampire's Tooth {vamp}
rCold    . . .     Gourm    .   (no shield)
rNeg     . . .     Faith    .   (armour unavailable)
rPois    .         Spirit   .   y - +2 hat
rElec    +         Reflect  .   k - +1 cloak
rCorr    .         Harm     .   j - +0 pair of gloves (curse)
MR       .....                  (no boots)
Stlth    +++.......             g - amulet of the acrobat
HPRegen  0.19/turn              (no ring)
MPRegen  0.14/turn              (no ring)

@: no status effects
A: breathe lightning, unfitting armour, electricity resistance, cold-blooded, AC
+6
a: Breathe Lightning


You were on level 5 of the Dungeon.
You were hungry.

You visited 1 branch of the dungeon, and saw 5 of its levels.

You collected 263 gold pieces.

Inventory:

Hand Weapons
 a - a +2 dagger of pain
   (You took it off a goblin on level 1 of the Dungeon)
 b - the +4 Vampire's Tooth (weapon) {vamp}
   (You found it on level 4 of the Dungeon)

   It inflicts no extra harm, but heals its wielder when it wounds a living foe.
Missiles
 p - 97 stones (quivered)
Armour
 j - a cursed +0 pair of gloves (worn)
   (You found it on level 3 of the Dungeon)
 k - a +1 cloak (worn)
   (You found it on level 2 of the Dungeon)
 y - a +2 hat (worn)
   (You found it on level 5 of the Dungeon)
Jewellery
 g - an amulet of the acrobat (around neck)
   (You found it on level 1 of the Dungeon)
Scrolls
 f - 4 scrolls of teleportation {unknown}
 h - 2 scrolls of enchant armour
 i - 4 scrolls of amnesia {unknown}
 l - a scroll of blinking {!r}
 m - 5 scrolls of remove curse
 v - a scroll of identify
 x - a scroll of noise {unknown}
Potions
 e - a potion of mutation {unknown}
 o - a potion of berserk rage {!q}
 q - a potion of cancellation
 r - a potion of ambrosia {unknown}
 s - a potion of magic {unknown}
 t - a potion of resistance {unknown}
 w - 2 potions of haste {unknown}
Books
 d - a book of Geomancy
 n - a book of Necromancy
   (You found it on level 4 of the Dungeon)
Comestibles
 c - 3 rations
 u - a chunk of flesh {@w0}


   Skills:
 + Level 4.4 Short Blades
 - Level 1.7 Dodging
 + Level 4.8 Stealth
 - Level 4.8 Spellcasting
 - Level 1.0 Transmutations
 - Level 4.7 Earth Magic


You had 6 spell levels left.
You knew the following spells:

 Your Spells              Type           Power        Failure   Level  Hunger
a - Sandblast             Erth           ###...       1%          1    None
c - Petrify               Tmut/Erth      ##......     38%         4    ####...
w - Passwall              Tmut/Erth      ##........   6%          2    #......
x - Stone Arrow           Conj/Erth      ##....       16%         3    ###....


Dungeon Overview and Level Annotations

Branches:
Dungeon (5/15)
 Temple: D:4-7

Altars:
Fedhas
Hepliaklqana
Yredelemnul
Zin

Annotations:
D:2 Sigmund


Innate Abilities, Weirdness & Mutations

You can breathe wild blasts of lightning.
Your glossy black scales are hard. (AC +6)
You cannot fit into any form of body armour.
You are resistant to electric shocks. (rElec)
You are cold-blooded and may be slowed by cold attacks.


Message History

You hit the crimson imp.
The crimson imp hits you but does no damage.
You hit the crimson imp. You hit the crimson imp.
The crimson imp hits you but does no damage.
You hit the crimson imp.
You kill the crimson imp!
e - a fizzy cyan potion You now have 263 gold pieces (gained 9).
There is an open door here.
There is an open door here.
You butcher the orc corpse.
u - 2 chunks of flesh {@w0}
Things that are here:
a dagger; a robe
Things that are here:
a dagger; a robe Eating one of 2 chunks of flesh {@w0}.
You eat one of the 2 chunks of flesh {@w0}.
There is an open door here.
There is an open door here.
Things that are here:
a dagger; a robe; an orc corpse You regained 2 hp, and now have 54/57 hp.
Things that are here:
a dagger; a glowing leather armour; an orc corpse
There is an open door here.
There is an open door here.
Found a stone staircase leading down.
Health restored: 57 A steam dragon comes into view.
A steam dragon is nearby!
A steam dragon comes into view.
The steam dragon hisses angrily. x2
You hit the steam dragon but do no damage.
Your tail-slap misses the steam dragon.
The steam dragon bites you. The steam dragon claws you.
You take 4 damage, and have 53/57 hp.
You hit the steam dragon but do no damage.
The steam dragon barely misses you. The steam dragon claws you.
The steam dragon bites you! The steam dragon claws you.
You take 10 damage, and have 43/57 hp.
Unknown command.
You breathe a wild blast of lightning!
You hear a mighty clap of thunder!
The bolt of lightning misses you.
The bolt of lightning misses the steam dragon.
The orb of electricity explodes!
The orb of electricity engulfs the steam dragon.
The orb of electricity engulfs the fungus.
The orb of electricity engulfs the steam dragon.
The orb of electricity engulfs you! You resist.
The orb of electricity engulfs the fungus. x4
You are feeling hungry.
The steam dragon bites you. The steam dragon misses you.
The steam dragon breathes steam at you. The ball of steam hits you!
You take 12 damage, and have 31/57 hp.
MASSIVE DAMAGE!!
You hit the steam dragon but do no damage.
You hit the steam dragon. The steam dragon bites you!
The steam dragon claws you. The steam dragon breathes steam at you.
The ball of steam hits you!
* * * LOW HITPOINT WARNING * * *
You take 17 damage, and have 14/57 hp.
MASSIVE DAMAGE!!
The fungus is engulfed in a cloud of scalding steam. x2
Something bites the fungus!
Something claws the fungus.
You closely miss the steam dragon. The steam dragon barely misses you.
The steam dragon claws you.
* * * LOW HITPOINT WARNING * * *
Something bites the fungus!
Something claws the fungus.
You take 4 damage, and have 10/57 hp.
Unknown command.
You aren't carrying any items that you can evoke.
Aim: a steam dragon (moderately wounded)
The blast of sand hits the steam dragon.
p - 98 stones The steam dragon bites you.
* * * LOW HITPOINT WARNING * * *
The steam dragon barely misses you.
Something bites the fungus but does no damage.
Something claws the fungus.
You now have 14/15 mp.
Aim: a steam dragon (moderately wounded)
The blast of sand misses the steam dragon.
p - 97 stones You have got your breath back.
The fungus is engulfed in a cloud of scalding steam.
The steam dragon barely misses you.
The steam dragon claws you but does no damage.
Something bites the fungus!
The fungus is destroyed!
You now have 13/15 mp.
Aim: a steam dragon (moderately wounded)
The stone arrow hits the steam dragon.
The steam dragon breathes steam at you. The ball of steam hits you!
You die...

.#(.#.......# ##.+......#
.####..≈....# #........##
.........####..#...+######
.....###.#.#≈..#.........#
.....#...'.#P.P#.........#
#....#...#.#P.≈#.........########
##'###...#.#≈..#............<...#
#...###..#.#.§.#...##..##.......#
#...#.....##..§#@................
#...#.....#P..PD##...............
##..##...##P^...D##..............
#..####.#≈P.....≈#.....#...####)
#.......#.≈....P.#............#.
+.......##P....PP#............'.
#........#≈^..P.##)....##.....#.
#......#.###≈PP##..############.
########...#####..)....#.......#


You could see a steam dragon.

Vanquished Creatures
  A sky beast (D:5)
  A phantom (D:4)
  2 ogres
  A scorpion (D:4)
  2 vampire bats (D:4)
  A centaur zombie (D:5)
  2 crimson imps (D:5)
  4 orc priests (D:5)
  5 orc wizards
  A worker ant (D:5)
  A killer bee zombie (D:5)
  A worker ant zombie (D:5)
  Robin (D:3)
  3 gnolls (D:5)
  4 adders
  A shadow imp (D:5)
  An ooze (D:1)
  A worm (D:2)
  A dart slug (D:1)
  2 leopard geckos
  23 orcs
  12 bats
  5 giant cockroaches
  13 goblins
  12 hobgoblins
  14 jackals
  10 kobolds
  2 quokkas (D:3)
  A ball python (D:1)
  2 frilled lizards (D:3)
  5 rats
135 creatures vanquished.

Vanquished Creatures (others)
  A fungus (D:5)
1 creature vanquished.

Grand Total: 136 creatures vanquished

Notes
Turn   | Place    | Note
-------+----------+-------------------------------------------
     0 | D:1      | mhoghedin the Draconian Earth Elementalist began the quest for the Orb.
     0 | D:1      | Reached XP level 1. HP: 14/14 MP: 3/3
   139 | D:1      | HP: 2/14 [leopard gecko (5)]
   455 | D:1      | Reached XP level 2. HP: 11/20 MP: 0/5
   988 | D:1      | Reached XP level 3. HP: 26/26 MP: 7/7
  1082 | D:1      | Learned a level 2 spell: Passwall
  1086 | D:1      | Learned a level 3 spell: Stone Arrow
  1444 | D:2      | Reached skill level 3 in Spellcasting
  1517 | D:2      | Reached skill level 4 in Earth Magic
  1562 | D:2      | Noticed Sigmund
  1570 | D:2      | HP: 6/26 [Sigmund/scythe (8)]
  2205 | D:3      | Reached XP level 4. HP: 24/33 MP: 9/9
  2387 | D:3      | Reached XP level 5. HP: 20/38 MP: 6/10
  2547 | D:3      | Noticed Robin
  2557 | D:3      | Killed Robin
  2838 | D:3      | Reached skill level 4 in Spellcasting
  2926 | D:3      | Learned a level 4 spell: Petrify
  3245 | D:4      | Noticed an ogre
  3265 | D:4      | Reached skill level 5 in Earth Magic
  3268 | D:4      | Reached XP level 6. HP: 30/45 MP: 5/12
  3427 | D:4      | Found the +4 Vampire's Tooth {vamp}
  3684 | D:4      | Reached skill level 1 in Short Blades
  3684 | D:4      | Reached skill level 2 in Stealth
  3684 | D:4      | Your scales start taking on a glossy black colour.
  3684 | D:4      | Reduced skill Earth Magic to level 4
  3684 | D:4      | Reached XP level 7. HP: 30/50 MP: 10/14
  3684 | D:4      | Gained mutation: You are resistant to electric shocks. (rElec) [Black Draconian growth]
  4088 | D:4      | Found a hazy altar of Hepliaklqana.
  4088 | D:4      | Found a faded altar of an unknown god.
  4094 | D:4      | Found a glowing silver altar of Zin.
  4096 | D:4      | Found a blossoming altar of Fedhas.
  4098 | D:4      | Found a basalt altar of Yredelemnul.
  4141 | D:5      | Entered Level 5 of the Dungeon
  4232 | D:5      | Reached skill level 2 in Short Blades
  4232 | D:5      | Reached skill level 3 in Stealth
  4377 | D:5      | Reached skill level 3 in Short Blades
  4466 | D:5      | Reached skill level 4 in Stealth
  5091 | D:5      | Reached skill level 4 in Short Blades
  5091 | D:5      | Reached XP level 8. HP: 57/57 MP: 15/15
  5232 | D:5      | HP: 14/57 [steam dragon/ball of steam (7)]
  5237 | D:5      | Killed from afar by a steam dragon

Vault maps used:
D:1:      shiori_arrival_elements, hangedman_decor_diamond_cutter
D:2:      serial_aquarium, aquarium_bridge_square, aquarium_window_fake,
          aquarium_window_2, aquarium_window_fake, aquarium_window_fake,
          aquarium_view_2b, aquarium_pool_corner, uniq_sigmund
D:3:      patterned_corridor, uniq_robin
D:4:      chequers_temple_overflow_minitemple, hangedman_decor_growths,
          minmay_guarded_unrand_vampires_tooth
D:5:      kennysheep_steamy, first_ration, kennysheep_generic_room_14

Skill      XL: |  1  2  3  4  5  6  7 |
---------------+----------------------+-----
Spellcasting   | 3 4 |  4.8
Earth Magic    | 4 5 4 |  4.7
Short Blades   | 1 4 |  4.4
Stealth        | 2 4 |  4.8
Dodging        | |  1.7
Transmutations | |  1.0

Action                   |  1- 3 |  4- 6 |  7- 9 || total
-------------------------+-------+-------+-------++-------
Melee: Club              |    15 |       |       ||    15
       Dagger            |    48 |    39 |   186 ||   273
       Tailslap          |     5 |    10 |    12 ||    27
       Mace              |    64 |   117 |       ||   181
 Cast: Sandblast         |    30 |    22 |     4 ||    56
       Stone Arrow       |       |     2 |     1 ||     3
 Abil: Breathe Lightning |       |       |     2 ||     2
  Use: Potion            |     6 |       |       ||     6
       Scroll            |       |     6 |       ||     6
 Stab: Sleeping          |     4 |     4 |     4 ||    12
  Eat: Chunk             |     2 |     4 |     3 ||     9
       Ration            |     1 |     2 |       ||     3
Armor: Skin              |    42 |    74 |    76 ||   192
Dodge: Dodged            |    92 |   150 |    99 ||   341

Table legend:
 A = Spawn XP
 B = Non-spawn XP
 C = Spawn XP percentage of total XP
 D = Spawn monster count
 E = Non-spawn monster count
 F = Spawn count percentage of total count
 G = Total turns spent on level
                    A         B        C        D         E        F      G
               +---------+---------+-------+---------+---------+-------+---------
         Total |       0 |    1595 |   0.0 |       0 |     135 |   0.0 |  5237
               +---------+---------+-------+---------+---------+-------+---------
           D:1 |       0 |      57 |   0.0 |       0 |      27 |   0.0 |  1694
           D:2 |       0 |      28 |   0.0 |       0 |      14 |   0.0 |   487
           D:3 |       0 |     222 |   0.0 |       0 |      52 |   0.0 |  1021
           D:4 |       0 |     466 |   0.0 |       0 |      17 |   0.0 |   987
           D:5 |       0 |     822 |   0.0 |       0 |      25 |   0.0 |  1048
               +---------+---------+-------+---------+---------+-------+---------

Vault maps used:
D:1:      shiori_arrival_elements, hangedman_decor_diamond_cutter
D:2:      serial_aquarium, aquarium_bridge_square, aquarium_window_fake,
          aquarium_window_2, aquarium_window_fake, aquarium_window_fake,
          aquarium_view_2b, aquarium_pool_corner, uniq_sigmund
D:3:      patterned_corridor, uniq_robin
D:4:      chequers_temple_overflow_minitemple, hangedman_decor_growths,
          minmay_guarded_unrand_vampires_tooth
D:5:      kennysheep_steamy, first_ration, kennysheep_generic_room_14

Table legend:
 A = Turns spent in this place as a percentage of turns spent in the entire game.
 B = Non-inter-level travel turns spent in this place as a percentage of non-inter-level travel turns spent in the entire game.
 C = Inter-level travel turns spent in this place as a percentage of turns spent in this place.
 D = Turns resting spent in this place as a percentage of non-inter-level travel turns spent in this place.
 E = Turns spent auto-exploring this place as a percentage of non-inter-level travel turns spent in this place.
 F = Non-inter-level travel turns spent in this place divided by the number of levels of this place that you've seen.
                   A       B       C       D       E      F
               +-------+-------+-------+-------+-------+----------------------
         Total | 100.0 | 100.0 |   3.9 |  32.5 |  45.6 | 1006.6
       Dungeon | 100.0 | 100.0 |   3.9 |  32.5 |  45.6 | 1006.6
               +-------+-------+-------+-------+-------+----------------------

Table legend:
 A = Kills in this place as a percentage of kills in entire the game.
 B = Kills by you in this place as a percentage of kills by you in the entire game.
 C = Kills by friends in this place as a percentage of kills by friends in the entire game.
 D = Other kills in this place as a percentage of other kills in the entire game.
 E = Experience gained in this place as a percentage of experience gained in the entire game.
 F = Experience gained in this place divided by the number of levels of this place that you have seen.
                   A       B       C       D       E      F
               +-------+-------+-------+-------+-------+----------------------
         Total | 100.0 | 100.0 |   N/A |   N/A | 100.0 | 319.0
       Dungeon | 100.0 | 100.0 |   N/A |   N/A | 100.0 | 319.0
               +-------+-------+-------+-------+-------+----------------------
